 Dungeon Crawl Stone Soup version 0.18.1-50-g88ac8fd (webtiles) character file.

58 Amnesiac the Covered (level 3, -3/22 HPs)
             Began as a Deep Elf Fighter on Mar 2, 2018.
             Slain by a worker ant (6 damage)
             ... on level 4 of the Dungeon.
             The game lasted 00:01:29 (708 turns).

Amnesiac the Covered (Deep Elf Fighter)              Turns: 708, Time: 00:01:30

Health: -3/22      AC:  8    Str: 14    XL:     3   Next: 75%
Magic:  5/5        EV:  7    Int: 12    God:
Gold:   60         SH:  8    Dex: 14    Spells: 0 memorised, 2 levels left

rFire  . . .     SeeInvis .     a - +0 rapier
rCold  . . .     Gourm    .     b - +0 scale mail
rNeg   . . .     Faith    .     c - +0 shield
rPois  .         Spirit   .     (no helmet)
rElec  .         Dismiss  .     i - +1 cloak
rCorr  .         Reflect  .     (no gloves)
SustAt .         Harm     .     (no boots)
MR     .....                    (no amulet)
Stlth  ..........               (no ring)
                                (no ring)

@: not resistant to hostile enchantments, extremely unstealthy
A: no striking features
a: no special abilities


You were on level 4 of the Dungeon.
You were not hungry.

You visited 1 branch of the dungeon, and saw 4 of its levels.

You collected 60 gold pieces.

Inventory:

Hand Weapons
 a - a +0 rapier (weapon)
Armour
 b - a +0 scale mail (worn)
 c - a +0 shield (worn)
 i - a +1 cloak (worn)
Scrolls
 l - a scroll of identify {!r, unknown}
 n - a scroll of magic mapping {!r, unknown}
 o - a scroll of remove curse {!r, unknown}
Potions
 d - a potion of might {!q}
 e - a potion of lignification {!q, unknown}
 g - a potion of ambrosia {!q, unknown}
 j - 2 potions of heal wounds {!q, unknown}
 k - a potion of brilliance {!q, unknown}
Comestibles
 f - a bread ration
 h - a meat ration
 m - 3 chunks of flesh


   Skills:
 - Level 2.4 Fighting
 * Level 2.4 Short Blades
 * Level 3.0 Armour
 + Level 2.7 Dodging
 - Level 2.4 Shields


You had 2 spell levels left.
You didn't know any spells.

Dungeon Overview and Level Annotations

Branches:
Dungeon (4/15)
 Temple: D:4-7

Altars:


Message History

No target in view!
There isn't anything here!
Things that are here:
a club; a hobgoblin corpse You butcher the hobgoblin corpse.
m - 3 chunks of flesh
Things that are here:
a club; a hobgoblin skeleton An adder zombie comes into view.
The adder zombie bites you but does no damage.
You puncture the adder zombie!
The adder zombie bites you but does no damage. x2
Your shield and scale mail prevent you from hitting the adder zombie.
You block the adder zombie's attack.
You closely miss the adder zombie. The adder zombie misses you.
You puncture the adder zombie! You block the adder zombie's attack.
The adder zombie bites you but does no damage.
You closely miss the adder zombie.
The adder zombie bites you but does no damage.
The adder zombie bites you.
You closely miss the adder zombie. You block the adder zombie's attack.
You hit the adder zombie. The adder zombie bites you. x2
You puncture the adder zombie!
You destroy the adder zombie!
Your Armour skill increases to level 3!
No target in view!
No target in view!
There is a stone staircase leading down here.
You climb downwards.
Found a scroll labeled DYIDULL KITI.
Found a stone staircase leading down.
There is a stone staircase leading up here.
Found a purple potion.
n - a scroll labeled DYIDULL KITI {!r} An iguana comes into view.
The iguana moves out of view.
Found a scroll labeled DOMPEX MEDIDI.
The iguana bites you but does no damage.
You see here a purple potion {!q}.
j - 2 purple potions {!q} (gained 1)
You block the iguana's attack.
A phantom comes into view.
You see here a scroll labeled DOMPEX MEDIDI {!r}.
o - a scroll labeled DOMPEX MEDIDI {!r} You block the iguana's attack.
A worker ant comes into view.
The worker ant twitches its antennae in your direction.
The iguana hisses menacingly.
The phantom hits you. The worker ant barely misses you. The iguana bites you.
The worker ant bites you.
* * * LOW HITPOINT WARNING * * *
Found a beef jerky.
The phantom blinks!
The worker ant bites you.
* * * LOW HITPOINT WARNING * * *
The phantom blinks!
Drink which item? (? for menu, Esc to quit)
Okay, then.
The worker ant bites you.
* * * LOW HITPOINT WARNING * * *
An orc comes into view.
Found a stone staircase leading up.
You see here a beef jerky.
The worker ant bites you.
You die...

#.###.# #..##.#
#.##.# .. #####
#....## .<..
#...###..#..#
.....##..l........#
...o...l#####.....#
.....##..a.#......#
###. ##.#@......##
#.........#
#.##......# #..
#.######..# ##...
..# #....#
.....#######.#..#
.#...........#..#
...........<#..##.
#............>....


You could see an iguana, a worker ant and an orc.

Vanquished Creatures
  A gnoll (D:3)
  2 adders (D:3)
  An ooze (D:1)
  An adder zombie (D:3)
  An adder skeleton (D:3)
  A dart slug (D:1)
  An orc (D:3)
  A ball python (D:3)
  A giant cockroach (D:2)
  A goblin (D:1)
  2 hobgoblins
  A kobold (D:1)
  A giant cockroach zombie (D:3)
  2 jackal skeletons (D:3)
  A jackal zombie (D:3)
  2 rats
20 creatures vanquished.

Notes
Turn   | Place    | Note
--------------------------------------------------------------
     0 | D:1      | Amnesiac the Deep Elf Fighter began the quest for the Orb.
     0 | D:1      | Reached XP level 1. HP: 13/13 MP: 3/3
    18 | D:1      | Reached skill level 1 in Dodging
    75 | D:1      | Reached XP level 2. HP: 12/18 MP: 4/4
   263 | D:3      | Reached XP level 3. HP: 14/22 MP: 5/5
   670 | D:3      | Reached skill level 3 in Armour
   691 | D:4      | Noticed a phantom
   708 | D:4      | Slain by a worker ant

Skill      XL: |  1  2  3 |
---------------+----------+-----
Dodging        | 2 |  2.7
Armour         | 3 |  3.0
Fighting       | |  2.4
Short Blades   | |  2.4
Shields        | |  2.4

Action                   || total
-------------------------++-------
Melee: Rapier            ||    88
Armor: Scale mail        ||    41
Dodge: Dodged            ||    17
Block: Shield            ||    44
